 Dungeon Crawl Stone Soup version 0.31-a0-636-ge1c0e020e0 (webtiles) character file.

Game seed: 11911060245782990772

43 Twinkles the Trooper (level 3, 0/49 HPs)
             Began as a Minotaur Berserker on Aug 27, 2023.
             Was a Believer of Trog.
             Succumbed to Robin's poison
             ... on level 2 of the Dungeon.
             The game lasted 00:01:03 (710 turns).

Twinkles the Trooper (Minotaur Berserker)            Turns: 710, Time: 00:01:03

Health: 0/49       AC:  5    Str: 23    XL:     3   Next: 37%
Magic:  2/2        EV: 11    Int:  4    God:    Trog [**....]
Gold:   75         SH:  0    Dex:  9    Spells: 2/2 levels left

rFire   . . .        a - +0 hand axe
rCold   . . .        (no shield)
rNeg    . . .        f - +0 ring mail
rPois   .            (helmet restricted)
rElec   .            (no cloak)
rCorr   .            (no gloves)
SInv    .            (no boots)
Will    .....        (no amulet) Stlth
                     (no ring)
HPRegen 0.28/turn    (no ring)
MPRegen 0.08/turn

%: no passive effects
@: berserking, lethally poisoned (0 -> -8), very quick
A: horns 2, retaliatory headbutt
a: Renounce Religion, Berserk, Trog's Hand


You were on level 2 of the Dungeon.
You worshipped Trog.
Trog was pleased with you.
You visited 1 branch of the dungeon, and saw 2 of its levels.

You collected 75 gold pieces.

Inventory:

Hand Weapons
 a - a +0 hand axe (weapon)
Missiles
 h - 4 curare-tipped darts
Armour
 b - a +0 animal skin
 f - a +0 ring mail (worn)
Jewellery
 g - a ring of flight
Scrolls
 d - a scroll of vulnerability {unknown}
Potions
 c - a potion of heal wounds {unknown}
 e - 2 potions of curing {unknown}


   Skills:
 + Level 4.1 Fighting
 + Level 4.1 Axes
 + Level 3.1 Armour
 + Level 2.8 Dodging


You had 2 spell levels left.
You didn't know any spells.
Your spell library was empty.

Dungeon Overview and Level Annotations

Branches:
Dungeon (2/15) Zot: 11270

Altars:

Annotations:
D:2 Robin


Innate Abilities, Weirdness & Mutations

You have a pair of horns on your head.
You reflexively headbutt those who attack you in melee.


Message History

You kill the goblin!
Trog accepts your kill.
You hit the hobgoblin but do no damage. Robin throws the goblin at you!
The hobgoblin hits you. The goblin hits you with a +0 dagger.
You are too injured to fight recklessly!
You closely miss the goblin.
The goblin is heavily wounded.
You barely miss the hobgoblin.
The hobgoblin no longer looks unusually strong.
The goblin hits you with a +0 dagger.
The hobgoblin hits you but does no damage.
You slash the goblin!
You kill the goblin!
Trog accepts your kill.
You slash the hobgoblin!
You kill the hobgoblin!
Trog accepts your kill.
You barely miss the goblin. The goblin closely misses you.
You hit the goblin.
You kill the goblin!
Trog accepts your kill.
Robin roars a battlecry!
The hobgoblin goes into a battle-frenzy!
You hit the hobgoblin but do no damage. Robin barely misses you.
The hobgoblin hits you.
* * * LOW HITPOINT WARNING * * *
Robin hits you from afar with a +2 spear of venom.
* * * LOW HITPOINT WARNING * * *
The hobgoblin closely misses you. You furiously retaliate!
You headbutt the hobgoblin!
You kill the hobgoblin!
Trog accepts your kill.
Robin hits you with a +2 spear of venom.
* * * LOW HITPOINT WARNING * * *
You are lethally poisoned!
There is an open door, spattered with blood here.
Items here: )))) †††††.
A red film seems to cover your vision as you go berserk!
You feel yourself moving faster!
You feel mighty!
You die...

##+##.....
#........#
#........#
#........#
#........#
#........#
#g.).....# #@# #.#
#)# #.#
########.#######
#...............
#.#####.############
#............#
#..#########.#


You could see Robin.

Vanquished Creatures
  2 endoplasms (D:1)
  16 goblins
  4 hobgoblins
  3 quokkas (D:1)
  5 bats (D:1)
  2 frilled lizards (D:1)
  A kobold (D:1)
  4 rats
37 creatures vanquished.

Notes
Turn   | Place    | Note
-------+----------+-------------------------------------------
     0 | D:1      | Twinkles the Minotaur Berserker began the quest for the
                  | Orb.
     0 | D:1      | Reached XP level 1. HP: 19/19 MP: 0/0
   150 | D:1      | Reached XP level 2. HP: 24/27 MP: 1/1
   181 | D:1      | Found a faded altar of an unknown god.
   688 | D:2      | Identified the +0 helmet of the Hanged Man {+Inv rC+ rN++
                  | Dex-5}
   688 | D:2      | Noticed Robin
   692 | D:2      | Reached XP level 3. HP: 30/33 MP: 2/2
   698 | D:2      | Reached ** piety under Trog
   708 | D:2      | HP: 9/33 [hobgoblin[Robin] (5)]
   709 | D:2      | HP: 2/33 [Robin/+2 spear of venom (3)]
   710 | D:2      | Succumbed to Robin's poison

Illustrated notes

Levels and vault maps discovered:
D:1:      orjb1_clovarrival, layout_basic, basic_ecumenical_altar
D:2:      layout_basic, uniq_robin

Skill      XL: |  1  2 |
---------------+-------+-----
Fighting       | 4 |  4.1
Axes           | 4 |  4.1
Armour         | 3 |  3.1
Dodging        | |  2.8

Action                     || total
---------------------------++-------
  Melee: Hand axe          ||    58
         Headbutt          ||     7
         Punch             ||     1
 Invoke: Berserk           ||     1
 Armour: Animal skin       ||     2
         Ring mail         ||    24
  Dodge: Dodged            ||    43

Table legend: (Time is in decaauts)
 A = Elapsed time spent in this place.
 B = Non-inter-level travel time spent in this place.
 C = Inter-level travel time spent in this place.
 D = Time resting spent in this place.
 E = Time spent auto-exploring this place.
 F = Levels seen in this place.
 G = Mean time per level.
                   A        B        C        D        E       F      G
               +--------+--------+--------+--------+--------+-----+--------+
         Total |    729 |    710 |     19 |      0 |    548 |   2 |  364.5 |
       Dungeon |    729 |    710 |     19 |      0 |    548 |   2 |  364.5 |
               +--------+--------+--------+--------+--------+-----+--------+

Top non-repeatable levels by time:
     D:1: 676 daAuts
     D:2: 52 daAuts
